 Dungeon Crawl Stone Soup version 0.30-a0-715-gdb4ae3ece1 (webtiles) character file.

Game seed: 14886193189356469260

15429 Lobster4 the Destroyer (level 12, -8/95 HPs)
             Began as a Human Conjurer on Jan 23, 2023.
             Was a Priest of the Shining One.
             Mangled by a swamp worm (18 damage)
             ... on level 1 of the Lair of Beasts.
             The game lasted 00:44:46 (15301 turns).

Lobster4 the Destroyer (Human Conjurer)            Turns: 15301, Time: 00:44:46

Health: -8/95      AC: 12    Str: 20    XL:     12   Next: 57%
Magic:  18/24      EV: 12    Int: 24    God:    the Shining One [***...]
Gold:   1118       SH:  0    Dex: 11    Spells: 18/28 levels left

rFire   . . .      SeeInvis .    Q - +5 quarterstaff (spect)
rCold   . . .      Faith    .    (shield currently unavailable)
rNeg    + . .      Spirit   .    p - +1 leather armour {rPois}
rPois   +          Reflect  .    N - +1 hat {Will+}
rElec   .          Harm     .    (no cloak)
rCorr   .          Rampage  .    w - +2 pair of gloves
Will    +....                    n - +2 pair of boots {Fly}
Stlth   +                        H - amulet of regeneration
HPRegen 1.15/turn                k - +6 ring of strength
MPRegen 0.19/turn                s - +6 ring of strength

@: about to teleport, flying, glowing
A: no striking features
a: Renounce Religion, Divine Shield, Cleansing Flame


You were on level 1 of the Lair of Beasts.
You worshipped the Shining One.
The Shining One was most pleased with you.
You visited 2 branches of the dungeon, and saw 11 of its levels.
You also visited: Bailey.

You collected 1118 gold pieces.

Inventory:

Hand Weapons
 a - a +4 war axe
 c - a +2 spear of venom
 e - a +2 scimitar of flaming
 h - a +1 great sword of freezing
 r - a +2 dagger of venom
 y - a +0 heavy shortbow
 G - a +2 morningstar of protection
 J - a +0 rapier
 Q - a +5 spectral quarterstaff (weapon)
 R - a +0 sling
Missiles
 o - 22 poisoned darts (quivered)
 z - 25 boomerangs
 O - 5 boomerangs of dispersal
 T - 7 silver javelins
Armour
 j - a +0 troll leather armour
 n - a +2 pair of boots of flying (worn)
 p - a +1 leather armour of poison resistance (worn)
 t - a +2 robe of resistance
 w - a +2 pair of gloves (worn)
 x - +0 steam dragon scales
 N - a +1 hat of willpower (worn)
 V - a +1 robe of cold resistance
Jewellery
 k - a +6 ring of strength (left hand)
 s - a +6 ring of strength (right hand)
 v - a ring of see invisible
 H - an amulet of regeneration (around neck)
 U - a ring of ice
Wands
 C - a wand of mindburst (12)
 E - a wand of iceblast (16)
 P - a wand of flame (25)
 S - a wand of paralysis (4)
Scrolls
 i - 3 scrolls of fog
 l - 3 scrolls of enchant armour
 m - 4 scrolls of teleportation
 F - a scroll of vulnerability {unknown}
 I - a scroll of enchant weapon
 K - a scroll of magic mapping {unknown}
 W - a scroll of identify
Potions
 b - 3 potions of magic
 d - 2 potions of haste
 f - a potion of ambrosia
 g - 2 potions of brilliance
 q - a potion of experience {unknown}
 u - a potion of resistance
 A - a potion of might
 B - 6 potions of flight
 D - 2 potions of cancellation
 M - a potion of curing


   Skills:
 + Level 9.2 Fighting
 - Level 2.0(3.1) Polearms
 + Level 3.7(4.0) Staves
 - Level 2.0 Throwing
 + Level 6.5 Armour
 + Level 4.0 Dodging
 - Level 2.5 Stealth
 + Level 8.6 Spellcasting
 + Level 10.1 Conjurations
 - Level 4.0 Translocations
 + Level 3.5 Earth Magic
 - Level 3.0 Invocations
 - Level 3.0 Evocations


You had 18 spell levels left.
You knew the following spells:

 Your Spells              Type           Power      Damage    Failure   Level
a - Magic Dart            Conj           100%       1d8       1%          1
b - Searing Ray           Conj           100%       2d8       1%          2
c - Iskenderun's Mystic   Conj/Tloc      44%        2d10      3%          4
d - Stone Arrow           Conj/Erth      86%        3d12      1%          3

Your spell library contained the following spells:

 Spells                   Type           Power      Damage    Failure   Level
 Sandblast                Erth           54%        2d13      1%          1
 Dazzling Flash           Conj/Hex       68%        N/A       2%          3
 Passwall                 Tmut/Erth      15%        N/A       4%          2
 Fulminant Prism          Conj/Hex       17%        3d10      9%          4
 Sublimation of Blood     Necr           10%        N/A       11%         2
 Irradiate                Conj/Tmut      17%        3d17      24%         5
 Petrify                  Tmut/Erth      18%        N/A       32%         4


Dungeon Overview and Level Annotations

Branches:
Dungeon (10/15)            Temple (0/1) D:6            Lair (1/5) D:10
 Bailey (visited)
    Orc: D:9-12

Altars:
Ashenzari
Elyvilon
Kikubaaqudgha
Qazlal
Wu Jian
Xom
The Shining One

Shops:
D:7 **   D:10 (

Annotations:
D:4 2 transporters
Lair:1 1 transporter


Message History

You collide with the briar patch!
The briar patch is heavily damaged.
* * * LOW HITPOINT WARNING * * *
The swamp worm fires a harpoon shot at you.
The harpoon shot hits you!
* * * LOW HITPOINT WARNING * * *
You are yanked forward by the harpoon shot.
The swamp worm fires a harpoon shot at you.
The harpoon shot misses you.
The swamp worm attacks as you move away!
The swamp worm closely misses you.
The swamp worm fires a harpoon shot at you.
The harpoon shot misses you.
You feel much better.
The swamp worm fires a harpoon shot at you.
The harpoon shot hits you but does no damage.
The swamp worm fires a harpoon shot at you.
The harpoon shot hits you!
You are yanked forward by the harpoon shot.
The swamp worm bites you.
* * * LOW HITPOINT WARNING * * *
The swamp worm bites you but does no damage.
As you read the scroll of teleportation, it crumbles to dust.
You feel strangely unstable.
The swamp worm fires a harpoon shot at you.
The harpoon shot hits you but does no damage.
The swamp worm barely misses you. x2
You barely miss the swamp worm.
The swamp worm is almost dead.
Your +5 spectral quarterstaff hits the swamp worm!
You kill the swamp worm!
The swamp worm fires a harpoon shot at you.
The harpoon shot hits you!
* * * LOW HITPOINT WARNING * * *
You are yanked forward by the harpoon shot.
You collide with the briar patch!
The briar patch is destroyed!
* * * LOW HITPOINT WARNING * * *
The swamp worm bites you!!
You die...

..................#..............
.................................
.............##..................
#............##....#.............
#...#.........#...##.............
....#............................
...###..<.....#########..........
.#.#P.........#†#w#♣#w#..........
####.........##(@≈#≈≈≈####.#.....
#...........#.P.P§PPP#(=#.......
##.........©#©^^^^^^○+?©#©......
#...........#PPPPP§PP#?[#.......
##...........##§§≈§#≈≈####.......
#P.........#..##w#♣#w##..........
##............#########.#.P#.....
##.........#...........#........
#.........#######...####.......


You could see 4 swamp worms and a friendly +5 spectral quarterstaff (summoned).

Vanquished Creatures
  Gastronok (Lair:1)
  Fannar (D:10)
  Erica (D:8)
  Urug (D:9)
  Amaemon (D:8)
  Lodul (D:10)
  Pikel (D:6)
  Joseph (D:10)
  A black mamba (Lair:1)
  An orange demon (D:8)
  A cane toad (Lair:1)
  3 trolls
  A hornet (D:7)
  Grinder (D:6)
  15 yaks
  A vampire (D:9)
  3 wyverns
  A steam dragon (D:4)
  Menkaure (D:4)
  A swamp worm (Lair:1)
  3 ice beasts
  4 water moccasins
  14 orc warriors
  A black bear (D:7)
  9 ogres
  2 centaurs
  2 phantoms (D:6)
  A kobold brigand (D:6)
  Blork the orc (D:4)
  3 bullfrogs
  A necrophage (D:5)
  10 wights
  5 scorpions
  4 killer bees (D:10)
  5 howler monkeys
  5 hounds
  3 jellies
  7 orc priests
  A gnoll bouda (D:8)
  Terence (D:2)
  An iguana (D:5)
  8 orc wizards
  9 gnolls
  9 adders
  3 shadow imps
  2 white imps
  An ufetubus (D:6)
  A worm (D:2)
  A dart slug (D:3)
  58 orcs
  3 bats (D:1)
  6 endoplasms
  5 giant cockroaches
  13 goblins
  6 hobgoblins
  2 jackals (D:1)
  6 ball pythons
  3 frilled lizards
  19 kobolds
  4 rats (D:1)
  A briar patch (Lair:1)
281 creatures vanquished.

Vanquished Creatures (others)
  A briar patch (Lair:1)
1 creature vanquished.

Grand Total: 282 creatures vanquished

Notes
Turn   | Place    | Note
-------+----------+-------------------------------------------
     0 | D:1      | Lobster4 the Human Conjurer began the quest for the Orb.
     0 | D:1      | Reached XP level 1. HP: 13/13 MP: 3/3
   168 | D:1      | Reached XP level 2. HP: 19/19 MP: 5/5
   175 | D:1      | Learned a level 2 spell: Searing Ray
   471 | D:1      | Reached XP level 3. HP: 24/25 MP: 6/6
   795 | D:2      | Noticed Terence
   945 | D:2      | Reached skill level 1 in Armour
  1653 | D:3      | Found a glowing golden altar of the Shining One.
  1734 | D:3      | Reached skill level 1 in Fighting
  1734 | D:3      | Reached XP level 4. HP: 32/32 MP: 2/7
  1822 | D:3      | Became a worshipper of the Shining One
  2146 | D:3      | Reached skill level 1 in Polearms
  2333 | D:3      | Reached XP level 5. HP: 37/37 MP: 2/8
  2897 | D:4      | Found a shimmering altar of Xom.
  2914 | D:4      | Reached XP level 6. HP: 44/44 MP: 4/10
  2968 | D:4      | Noticed Menkaure
  2979 | D:4      | Killed Menkaure
  2979 | D:4      | Reached * piety under the Shining One
  2980 | D:4      | Noticed Blork the orc
  2981 | D:4      | Noticed an ogre
  2984 | D:4      | Found a transporter.
  2994 | D:4      | Found a transporter.
  3198 | D:4      | Killed Blork the orc
  3199 | D:4      | Reached skill level 5 in Conjurations
  3199 | D:4      | Reached XP level 7. HP: 14/51 MP: 5/11
  3335 | D:4      | Learned a level 4 spell: Iskenderun's Mystic Blast
  3843 | D:4      | Noticed a steam dragon
  3854 | D:4      | Killed a steam dragon
  3855 | D:4      | Reached skill level 1 in Translocations
  4000 | D:5      | Entered Level 5 of the Dungeon
  4282 | D:5      | Reached XP level 8. HP: 54/59 MP: 3/13
  5306 | D:5      | Found a runed translucent door.
  5442 | D:6      | Reached skill level 6 in Conjurations
  5640 | D:6      | Found a staircase to the Ecumenical Temple.
  5650 | D:6      | Reached XP level 9. HP: 57/67 MP: 6/16
  5870 | D:6      | Reached skill level 5 in Fighting
  5870 | D:6      | Reached skill level 5 in Spellcasting
  5873 | D:6      | Noticed Pikel
  5892 | D:6      | Killed Pikel
  5893 | D:6      | Reached skill level 7 in Conjurations
  6363 | D:6      | Reached ** piety under the Shining One
  7002 | D:7      | Noticed a hornet
  7007 | D:7      | Killed a hornet
  7008 | D:7      | Reached XP level 10. HP: 77/77 MP: 19/19
  7426 | D:7      | Found an ornate altar of the Wu Jian Council.
  7482 | D:7      | Found Qyadgh's Specific Store.
  7484 | D:7      | Found Hoqag's General Store.
  7906 | D:8      | Noticed Erica
  8124 | D:8      | Reached skill level 8 in Conjurations
  8168 | D:8      | Found a flagged portal.
  8177 | Bailey   | Entered a bailey
  8805 | Bailey   | Reached skill level 1 in Throwing
  8805 | Bailey   | Reached skill level 1 in Invocations
  9077 | Bailey   | Reached skill level 1 in Evocations
  9296 | D:8      | Noticed an orange demon
  9296 | D:8      | Noticed Amaemon
  9371 | D:6      | Noticed Grinder
  9378 | D:6      | Killed Grinder
  9475 | D:2      | Killed Terence
 10295 | D:5      | Reached *** piety under the Shining One
 10945 | D:8      | Killed Erica
 10946 | D:8      | Reached skill level 5 in Armour
 10946 | D:8      | Reached XP level 11. HP: 70/84 MP: 14/21
 11065 | D:8      | Killed Amaemon
 11314 | D:8      | Found an ancient bone altar of Kikubaaqudgha.
 11315 | D:8      | Found a white marble altar of Elyvilon.
 11771 | D:9      | Reached skill level 9 in Conjurations
 12507 | D:9      | Found a stormy altar of Qazlal.
 12758 | D:10     | Entered Level 10 of the Dungeon
 12758 | D:10     | Noticed Joseph
 12773 | D:10     | Killed Joseph
 13017 | D:10     | Learned a level 3 spell: Stone Arrow
 13092 | D:10     | Noticed Lodul
 13130 | D:10     | Upgraded the game from 0.30-a0-711-gf4ac18a38d to
                  | 0.30-a0-715-gdb4ae3ece1
 13171 | D:10     | Reached skill level 1 in Staves
 13175 | D:10     | Reached skill level 1 in Earth Magic
 13320 | D:10     | Noticed Urug
 13346 | D:9      | Killed Urug
 13511 | D:10     | Found Harhudaa's Weapon Boutique.
 13546 | D:10     | Noticed Fannar
 13553 | D:10     | Killed Fannar
 13822 | D:10     | Reached XP level 12. HP: 94/94 MP: 3/24
 14006 | D:10     | Killed Lodul
 14038 | D:10     | Found a broken altar of Ashenzari.
 14329 | D:10     | Found a staircase to the Lair.
 14338 | Lair:1   | Entered Level 1 of the Lair of Beasts
 14338 | Lair:1   | Found a transporter.
 14365 | Lair:1   | Noticed Gastronok
 14376 | Lair:1   | Killed Gastronok
 14507 | Lair:1   | Reached skill level 10 in Conjurations
 14620 | Lair:1   | Found a transporter.
 15301 | Lair:1   | Mangled by a swamp worm

Illustrated notes

Levels and vault maps discovered:
D:1:      dpeg_arrival_pits, layout_loops_ring
D:2:      layout_rooms, kennysheep_generic_room_13, uniq_terence
D:3:      layout_rooms, mainiacjoe_overflow_boulevard, dk_noncrumbling_2,
          corexii_item_surrounded_by_moat
D:4:      gammafunk_steamed_eel, layout_cave_pools,
          mainiacjoe_overflow_small_starburst, uniq_menkaure, uniq_blork_the_orc
D:5:      layout_cave_pools, lightli_church_of_beogh
D:6:      minmay_bubble_buster, layout_rooms, minmay_temple_entry_proselytizer,
          minivault_24, uniq_pikel, uniq_grinder
D:7:      layout_basic, mainiacjoe_overflow_24_doors, nicolae_specific_store,
          minivault_11, kennysheep_generic_room_5
D:8:      layout_gridville, mainiacjoe_overflow_big_doors, enter_bailey_3,
          corexii_leaking_fountain, uniq_amaemon, uniq_erica
D:9:      layout_basic, lemuel_tele_altar, chequers_jeans
D:10:     layout_loops_ring, evilmike_ruin_ashenzari, lair_entry_dummy,
          serial_shops, shop, uniq_urug, uniq_joseph, uniq_lodul, uniq_fannar
Lair:1:   gammafunk_worm_tunnel, layout_hall_layers, uniq_gastronok

Skill      XL: |  1  2  3  4  5  6  7  8  9 10 11 12 |
---------------+-------------------------------------+-----
Armour         | 1 2 3 5 6 |  6.5
Fighting       | 1 2 3 4 6 7 8 9 |  9.2
Polearms       | 1 2 |  2.0
Dodging        | 3 4 |  4.0
Spellcasting   | 3 4 6 7 8 |  8.6
Conjurations   | 5 6 7 8 9 10 | 10.1
Translocations | 1 3 4 |  4.0
Throwing       | 2 |  2.0
Invocations    | 2 3 |  3.0
Evocations     | 2 3 |  3.0
Staves         | 2 3 |  3.7
Earth Magic    | 2 3 |  3.5
Stealth        | |  2.5

Action                     |  1- 3 |  4- 6 |  7- 9 | 10-12 || total
---------------------------+-------+-------+-------+-------++-------
  Melee: Spear             |    81 |     9 |     7 |    51 ||   148
         Unarmed           |     5 |       |       |       ||     5
         Punch             |       |       |       |     2 ||     2
         Quarterstaff      |       |       |       |    54 ||    54
  Throw: Dart              |       |       |     5 |     5 ||    10
   Cast: Magic Dart        |    23 |    44 |    67 |   172 ||   306
         Searing Ray       |     2 |    15 |    50 |    89 ||   156
         Stone Arrow       |       |       |       |    36 ||    36
         Iskenderun's Myst |       |       |       |     6 ||     6
  Evoke: Wand              |       |       |       |     7 ||     7
    Use: Scroll            |       |     6 |     5 |    19 ||    30
         Potion            |       |     1 |       |     6 ||     7
   Stab: Sleeping          |     6 |       |       |       ||     6
 Armour: Robe              |    15 |       |       |       ||    15
         Leather armour    |     2 |     8 |    24 |    62 ||    96
  Dodge: Dodged            |    32 |    16 |    57 |   147 ||   252

Table legend: (Time is in decaauts)
 A = Elapsed time spent in this place.
 B = Non-inter-level travel time spent in this place.
 C = Inter-level travel time spent in this place.
 D = Time resting spent in this place.
 E = Time spent auto-exploring this place.
 F = Levels seen in this place.
 G = Mean time per level.
                   A        B        C        D        E       F      G
               +--------+--------+--------+--------+--------+-----+--------+
         Total |  15357 |  14561 |    796 |   2930 |   9027 |  12 | 1279.8 |
       Dungeon |  13274 |  12500 |    774 |   2427 |   8009 |  10 | 1327.4 |
          Lair |    965 |    943 |     22 |     79 |    725 |   1 |  965.0 |
        Bailey |   1117 |   1117 |      0 |    424 |    293 |   1 | 1117.0 |
               +--------+--------+--------+--------+--------+-----+--------+

Top non-repeatable levels by time:
     D:5: 1941 daAuts
     D:4: 1681 daAuts
     D:7: 1552 daAuts
     D:6: 1471 daAuts
    D:10: 1458 daAuts
     D:9: 1317 daAuts
     D:3: 1188 daAuts
  Bailey: 1117 daAuts
     D:8: 980 daAuts
  Lair:1: 965 daAuts
     D:2: 922 daAuts
     D:1: 761 daAuts
